 Dungeon Crawl Stone Soup version 0.30-a0-920-g7493c07aab (webtiles) character file.

Game seed: 4710632267399207389

2345 Dirtsage the Cleaver (level 9, -5/99 HPs)
             Began as a Demonspawn Berserker on Mar 21, 2023.
             Was a Priest of Trog.
             Slain by a white ugly thing (23 damage)
             ... on level 7 of the Dungeon.
             The game lasted 00:12:16 (5647 turns).

Dirtsage the Cleaver (Demonspawn Berserker)         Turns: 5647, Time: 00:12:17

Health: -5/99      AC: 12    Str: 28    XL:     9   Next: 20%
Magic:  9/9        EV: 10    Int:  8    God:    Trog [***...]
Gold:   387        SH:  0    Dex: 13    Spells: 8/8 levels left

rFire   . . .      SeeInvis .    a - +1 hand axe
rCold   . . .      Faith    .    (no shield)
rNeg    . . .      Spirit   .    z - +0 plate armour
rPois   .          Reflect  .    (helmet restricted)
rElec   .          Rampage  .    w - +0 cloak
rCorr   .                        (no gloves)
Will    .....                    m - +0 pair of boots Stlth
                                 (no amulet)
HPRegen 0.36/turn                s - +6 ring of strength
MPRegen 0.11/turn                l - +4 ring of slaying

@: berserking, very quick
A: antennae 1, repulsion field 2, powered by death 2
a: Renounce Religion, Berserk, Trog's Hand


You were on level 7 of the Dungeon.
You worshipped Trog.
Trog was most pleased with you.
You visited 2 branches of the dungeon, and saw 8 of its levels.

You collected 387 gold pieces.

Inventory:

Hand Weapons
 a - a +1 hand axe (weapon)
 E - the +8 flail of Awkwardness {drain, Str+2}
   (You found it on level 5 of the Dungeon)

   Str:       It affects your strength (+2).
Missiles
 b - 2 throwing nets (quivered)
Armour
 e - a +0 kite shield
 m - a +0 pair of boots (worn)
 u - a +0 chain mail
 w - a +0 cloak (worn)
 z - a +0 plate armour (worn)
Jewellery
 l - a +4 ring of slaying (right hand)
 o - a +6 ring of intelligence
 s - a +6 ring of strength (left hand)
 y - a ring of magical power
Wands
 c - a wand of flame (8)
 n - a wand of light (12)
 B - a wand of roots (14)
Scrolls
 f - 3 scrolls of poison {unknown}
 i - a scroll of identify
 j - a scroll of enchant weapon
 k - a scroll of magic mapping
 t - 3 scrolls of teleportation
 v - 2 scrolls of enchant armour {unknown}
 C - a scroll of summoning
 D - a scroll of immolation
Potions
 d - a potion of cancellation {unknown}
 g - 2 potions of mutation {unknown}
 h - a potion of heal wounds {unknown}
 p - a potion of attraction {unknown}
 q - 6 potions of curing
 r - a potion of ambrosia {unknown}
 x - 3 potions of might {unknown}
 A - a potion of magic {unknown}


   Skills:
 + Level 4.6 Fighting
 * Level 10.1 Axes
 - Level 1.7 Armour
 - Level 1.7 Dodging
 * Level 4.5 Shields


You had 8 spell levels left.
You didn't know any spells.
Your spell library contained the following spells:

 Spells                   Type           Power      Damage    Failure   Level
 Dazzling Flash           Conj/Hex       0%         N/A       100%        3
 Gell's Gravitas          Tloc           0%         N/A       100%        3
 Teleport Other           Tloc           0%         N/A       100%        3
 Agony                    Necr           0%         N/A       100%        5
 Silence                  Hex/Air        0%         N/A       100%        5
 Dispersal                Tloc           0%         N/A       100%        6


Dungeon Overview and Level Annotations

Branches:
Dungeon (7/15)             Temple (1/1) D:5

Altars:
Ashenzari
Dithmenos
Gozag
Hepliaklqana
Nemelex Xobeh
Okawaru
Sif Muna
Uskayaw
Vehumet
Xom


Innate Abilities, Weirdness & Mutations

You have a pair of small antennae on your head.
You are surrounded by a moderate repulsion field. (EV +3)
You regenerate health from kills.


Message History

The bullfrog closely misses you.
You slash the bullfrog!
You kill the bullfrog!
Trog accepts your kill.
You regained 2 hp, and now have 52/66 hp.
Things that are here:
a +0 giant club; a bullfrog corpse You regained 2 hp, and now have 54/66 hp.
You start resting.
HP restored.
Health restored: 66 You now have 376 gold pieces (gained 13).
You now have 387 gold pieces (gained 11).
A white ugly thing comes into view.
Found a stone staircase leading down.
Okay, then.
Okay, then.
A red film seems to cover your vision as you go berserk!
You feel yourself moving faster!
You feel mighty! The white ugly thing claws you!
The white ugly thing freezes you!!
You now have 67/99 hp.
You barely miss the white ugly thing. You barely miss the white ugly thing.
The white ugly thing claws you. The white ugly thing freezes you!
You take 20 damage, and have 47/99 hp.
MASSIVE DAMAGE!!
You slice the white ugly thing!!
The white ugly thing is moderately wounded.
You slash the white ugly thing!
The white ugly thing is heavily wounded.
The white ugly thing claws you. The white ugly thing freezes you!!
* * * LOW HITPOINT WARNING * * *
You take 22 damage, and have 26/99 hp.
MASSIVE DAMAGE!!
You slash the white ugly thing!
The white ugly thing is severely wounded.
You slash the white ugly thing!
The white ugly thing is severely wounded.
The white ugly thing claws you!
* * * LOW HITPOINT WARNING * * *
The white ugly thing freezes you!!
You die...

# .# .# .#
#############.#
#.....@u.....#
#.###########.#
#...###### .#
#......... u#
#...###### .#
#..## >. #..# .
#..# #..#


You could see a white ugly thing.

Vanquished Creatures
  Sigmund (D:3)
  A wyvern (D:7)
  The ghost of Xtruder99 the Ducker, an amateur GnMo (D:3)
  A water moccasin (D:7)
  An orc warrior (D:7)
  An ice beast (D:5)
  A sky beast (D:7)
  2 black bears
  An ogre (D:7)
  A centaur (D:7)
  A phantom (D:4)
  A bullfrog (D:7)
  6 scorpions (D:5)
  2 jellies (D:6)
  A gnoll bouda (D:4)
  3 hounds
  5 orc wizards
  3 sleepcaps
  2 iguanas
  9 gnolls
  7 adders
  3 white imps
  A dart slug (D:4)
  19 orcs
  8 ball pythons
  7 bats
  An endoplasm (D:1)
  4 giant cockroaches
  7 goblins
  6 hobgoblins
  A quokka (D:3)
  A frilled lizard (D:1)
  4 kobolds
  5 rats
118 creatures vanquished.

Notes
Turn   | Place    | Note
-------+----------+-------------------------------------------
     0 | D:1      | Dirtsage the Demonspawn Berserker began the quest for the
                  | Orb.
     0 | D:1      | Reached XP level 1. HP: 18/18 MP: 1/1
   119 | D:1      | Reached skill level 3 in Axes
   251 | D:1      | Gained mutation: You are surrounded by a mild repulsion
                  | field. (EV +2) [demonic ancestry]
   251 | D:1      | Reached XP level 2. HP: 21/24 MP: 2/2
   707 | D:2      | Gained mutation: You are surrounded by a moderate repulsion
                  | field. (EV +3) [demonic ancestry]
   707 | D:2      | Reached XP level 3. HP: 29/29 MP: 3/3
   928 | D:2      | Reached skill level 4 in Axes
  1422 | D:3      | Reached XP level 4. HP: 35/35 MP: 4/4
  1580 | D:3      | Noticed Xtruder99's ghost (amateur GnMo)
  1670 | D:3      | Reached ** piety under Trog
  1701 | D:3      | Reached skill level 5 in Axes
  1828 | D:3      | Noticed Sigmund
  1835 | D:3      | Killed Sigmund
  1836 | D:3      | Reached skill level 6 in Axes
  1836 | D:3      | Gained mutation: You have a pair of small antennae on your
                  | head. [demonic ancestry]
  1836 | D:3      | Reached XP level 5. HP: 41/41 MP: 5/5
  1908 | D:3      | Found a runed translucent gate.
  1909 | D:3      | Found a runed translucent gate.
  1910 | D:3      | Found a runed translucent gate.
  1977 | D:3      | Gained mutation: You regenerate a little health from kills.
                  | [demonic ancestry]
  1977 | D:3      | Reached XP level 6. HP: 44/47 MP: 6/6
  2115 | D:3      | Killed Xtruder99's ghost
  2116 | D:3      | Reached skill level 7 in Axes
  2408 | D:4      | Gained mutation: You regenerate health from kills. [demonic
                  | ancestry]
  2408 | D:4      | Reached XP level 7. HP: 51/52 MP: 7/7
  2760 | D:4      | Reached skill level 8 in Axes
  2874 | D:5      | Entered Level 5 of the Dungeon
  3125 | D:5      | Reached skill level 9 in Axes
  3125 | D:5      | Reached XP level 8. HP: 58/58 MP: 8/8
  3192 | D:5      | Found a staircase to the Ecumenical Temple.
  3205 | Temple   | Entered the Ecumenical Temple
  3394 | D:5      | Found a hazy altar of Hepliaklqana.
  3426 | D:5      | Reached skill level 1 in Shields
  3500 | D:5      | Identified the +8 flail of Awkwardness {drain, Str+2}
  5156 | D:7      | Reached *** piety under Trog
  5196 | D:7      | Reached XP level 9. HP: 66/66 MP: 9/9
  5200 | D:7      | Reached skill level 10 in Axes
  5633 | D:7      | Noticed a white ugly thing
  5647 | D:7      | Slain by a white ugly thing

Illustrated notes

Levels and vault maps discovered:
D:1:      nzn_arrival_water_spiral, layout_rooms, minmay_close_crescents
D:2:      layout_basic
D:3:      layout_rooms, gammafunk_ghost_split, cheibrodos_gnoll_hut,
          uniq_sigmund
D:4:      layout_rooms
D:5:      layout_rooms, lemuel_crystal_altar, minmay_temple_entry_antechambers
D:6:      layout_basic, lemuel_round_altar, amcnicky_mini_pool_small
D:7:      layout_loops_ring, minitemple
Temple:   chequers_temple_sunken

Skill      XL: |  1  2  3  4  5  6  7  8  9 |
---------------+----------------------------+-----
Axes           | 3 4 6 7 9 10 | 10.1
Shields        | 3 4 |  4.5
Fighting       | 4 |  4.6
Armour         | |  1.7
Dodging        | |  1.7

Action                     |  1- 3 |  4- 6 |  7- 9 || total
---------------------------+-------+-------+-------++-------
  Melee: Hand axe          |    99 |   115 |   278 ||   492
         Punch             |       |     1 |       ||     1
 Invoke: Berserk           |     2 |     3 |     7 ||    12
  Evoke: Wand              |       |       |     1 ||     1
    Use: Scroll            |       |     9 |     1 ||    10
 Armour: Animal skin       |     8 |       |       ||     8
         Leather armour    |     8 |       |       ||     8
         Ring mail         |     3 |       |       ||     3
         Scale mail        |    11 |    43 |    35 ||    89
         Plate armour      |       |       |    31 ||    31
         Chain mail        |       |       |    25 ||    25
  Dodge: Dodged            |    70 |    86 |   131 ||   287

Table legend: (Time is in decaauts)
 A = Elapsed time spent in this place.
 B = Non-inter-level travel time spent in this place.
 C = Inter-level travel time spent in this place.
 D = Time resting spent in this place.
 E = Time spent auto-exploring this place.
 F = Levels seen in this place.
 G = Mean time per level.
                   A        B        C        D        E       F      G
               +--------+--------+--------+--------+--------+-----+--------+
         Total |   5760 |   5405 |    355 |    521 |   3916 |   8 |  720.0 |
       Dungeon |   5620 |   5272 |    348 |    521 |   3791 |   7 |  802.9 |
        Temple |    139 |    132 |      7 |      0 |    125 |   1 |  139.0 |
               +--------+--------+--------+--------+--------+-----+--------+

Top non-repeatable levels by time:
     D:6: 1202 daAuts
     D:5: 904 daAuts
     D:3: 850 daAuts
     D:2: 773 daAuts
     D:1: 673 daAuts
     D:4: 640 daAuts
     D:7: 576 daAuts
  Temple: 139 daAuts
